 Dungeon Crawl Stone Soup version 0.17.1-3-g152610e (webtiles) character file.

741 Peloso the Shield-Bearer (level 7, 0/61 HPs)
             Began as a Minotaur Fighter on Feb 20, 2016.
             Was an Initiate of Okawaru.
             Slain by a shadow demon (7 damage)
             ... created by the darkness of Dithmenos
             ... on level 4 of the Dungeon.
             The game lasted 00:12:28 (4752 turns).

Peloso the Shield-Bearer (Minotaur Fighter)         Turns: 4752, Time: 00:12:28

Health: 0/61       AC: 13    Str: 26    XL:     7   Next: 47%
Magic:  6/6        EV:  8    Int:  5    God:    Okawaru [......]
Gold:   189        SH: 11    Dex: 11    Spells: 0 memorised, 6 levels left

rFire  + . .     SeeInvis .     a - +0 long sword
rCold  x . .     Clarity  +     C - +0 chain mail
rNeg   . . .     SustAt   .     c - +0 shield
rPois  .         Gourm    .     (helmet restricted)
rElec  .         Spirit   .     D - +2 cloak
rCorr  .         Warding  .     (no gloves)
rMut   .         Stasis   .     (no boots)
MR     .....                    k - amulet of clarity
Stlth  ..........               A - ring of fire
                                i - ring of wizardry

@: mighty, not resistant to hostile enchantments, extremely unstealthy
A: retaliatory headbutt, horns 2
a: Renounce Religion


You were on level 4 of the Dungeon.
You worshipped Okawaru.
Okawaru was noncommittal.
You were near starving.

You visited 2 branches of the dungeon, and saw 7 of its levels.
You also visited: Sewer.

You collected 189 gold pieces.

Inventory:

Hand Weapons
 a - a +0 long sword (weapon)
Armour
 b - a +0 scale mail
 c - a +0 shield (worn)
 C - a +0 chain mail (worn)
 D - a +2 cloak (worn)
Jewellery
 i - a ring of wizardry (left hand)
 k - an amulet of clarity (around neck)
 A - a ring of fire (right hand)
Scrolls
 f - a scroll of recharging
 l - 3 scrolls of amnesia
 n - 2 scrolls of remove curse
 o - 3 scrolls of identify
 u - 2 scrolls of blinking {unknown}
 y - a scroll of noise {unknown}
 z - a scroll of immolation {unknown}
 F - a scroll of enchant weapon {unknown}
 H - 3 scrolls of random uselessness {unknown}
Potions
 d - a potion of might
 g - 2 potions of heal wounds
 j - 2 potions of lignification {unknown}
 m - 3 potions of haste {unknown}
 p - 2 potions of mutation {unknown}
 q - 3 potions of brilliance {unknown}
 v - 4 potions of curing {unknown}
 x - a potion of agility {unknown}
 B - 3 potions of flight {unknown}
 E - a potion of degeneration {unknown}
 G - a potion of cure mutation {unknown}
 I - a potion of invisibility {unknown}
Books
 s - a Fen Folio

   Spells                             Type                      Level
   a - Corpse Rot                     Necromancy                   2
   b - Stone Arrow                    Conjuration/Earth            3
   c - Leda's Liquefaction            Hexes/Earth                  4
   d - Summon Forest                  Summoning/Translocation      5
   e - Hydra Form                     Transmutation                6
   f - Summon Hydra                   Summoning                    7
Comestibles
 e - 7 bread rations
 h - a meat ration
 r - 7 fruits
 w - a beef jerky


   Skills:
 + Level 5.1 Fighting
 + Level 4.7 Long Blades
 + Level 6.1 Armour
 + Level 3.1 Dodging
 + Level 0.3 Stealth
 + Level 6.5 Shields


You had 6 spell levels left.
You didn't know any spells.

Dungeon Overview and Level Annotations

Branches:
Dungeon (6/15)             Temple (1/1) D:4

Altars:
Cheibriados
Dithmenos
Elyvilon
Fedhas
Gozag
Kikubaaqudgha
Okawaru
Qazlal
Ru
Sif Muna
Trog
Vehumet
Xom


Innate Abilities, Weirdness & Mutations

You reflexively headbutt those who attack you in melee.
You have a pair of horns on your head.


Message History

You hit the shadow. Your headbutt misses the shadow.
The shadow is heavily damaged.
The shadow barely misses you. You furiously retaliate!
You headbutt the shadow!
You destroy the shadow!
That felt strangely unrewarding.
There is a stone staircase leading down here.
You start resting.
A gnoll comes into view. It is wielding a club.
The gnoll shouts!
The gnoll hits you with a club.
* * * LOW HITPOINT WARNING * * *
You barely miss the gnoll. You block the gnoll's attack.
You barely miss the gnoll. Your headbutt misses the gnoll.
The shadow demon gestures.
The gnoll hits you but does no damage.
You slash the gnoll! Your headbutt misses the gnoll.
The gnoll is almost dead.
The shadow demon barely misses you. You block the gnoll's attack.
You block the adder's attack. The shadow demon hits you!
You die...

#.....#.#.#.#.##......#.#.
#####.#.#.#.#.##.####.#.#.
#.#.#.#.#.##.##.......
#.#.#.#.#.##.####.#.##
#.#.#.#.#.##..........
#.#.#.#.#.##........##
#.#.Y>..............'.
#.###2###.##........##
#....@S...##........#.
######g######........#.
#...................)+.
#.#.g.[..##.#........#.
#.#.(....##..........#.
#.#......#####.......'.
#.#).....### #.......#.
#.#........# #########.
#.#........###### #.


You could see a shadow demon, an ice beast, 2 gnolls and an adder.

Vanquished Creatures
  2 shadow demons
  3 shadows
  Purgy (Sewer)
  An ogre (D:5)
  A scorpion (D:5)
  2 crimson imps (D:5)
  An orc priest (D:3)
  Crazy Yiuf (D:4)
  3 orc wizards
  3 worker ants
  7 gnolls (D:2)
  A river rat (D:3)
  6 adders
  A shadow imp (D:5)
  An ooze (D:1)
  An adder skeleton (D:5)
  4 worms
  11 orcs
  4 bats (D:2)
  3 giant cockroaches
  7 goblins
  5 hobgoblins
  2 jackals (D:3)
  8 kobolds
  2 quokkas
  3 ball pythons
  3 giant geckos
  6 giant newts
  8 rats
101 creatures vanquished.

Notes
Turn   | Place    | Note
--------------------------------------------------------------
     0 | D:1      | Peloso the Minotaur Fighter began the quest for the Orb.
     0 | D:1      | Reached XP level 1. HP: 19/19 MP: 0/0
    77 | D:1      | Reached skill level 4 in Shields
    77 | D:1      | Reached XP level 2. HP: 25/27 MP: 1/1
   711 | D:2      | Reached XP level 3. HP: 31/33 MP: 2/2
  1047 | D:2      | Reached skill level 1 in Dodging
  1060 | D:2      | Reached XP level 4. HP: 10/40 MP: 3/3
  1760 | D:3      | Found a faded altar to an unknown god.
  1782 | D:3      | Became a worshipper of Dithmenos the Shadowed
  1782 | D:3      | Reached * piety under Dithmenos
  1937 | D:3      | Reached XP level 5. HP: 44/47 MP: 4/4
  2164 | D:3      | Found a glowing drain.
  2173 | D:3      | Reached skill level 5 in Shields
  2197 | D:3      | Reached skill level 5 in Armour
  2225 | Sewer    | Entered a sewer
  2269 | Sewer    | Noticed Purgy
  2280 | Sewer    | Killed Purgy
  2374 | D:3      | Reached XP level 6. HP: 46/53 MP: 5/5
  2375 | D:3      | Reached ** piety under Dithmenos
  2841 | D:4      | Noticed Crazy Yiuf
  2848 | D:4      | Killed Crazy Yiuf
  3202 | D:4      | Found a staircase to the Ecumenical Temple.
  3208 | Temple   | Entered the Ecumenical Temple
  3240 | Temple   | Fell from the grace of Dithmenos
  3240 | Temple   | Became a worshipper of Warmaster Okawaru
  3546 | D:5      | Entered Level 5 of the Dungeon
  3597 | D:5      | Reached skill level 5 in Fighting
  3597 | D:5      | Reached XP level 7. HP: 59/61 MP: 6/6
  3633 | D:5      | Reached skill level 6 in Armour
  3638 | D:5      | Noticed a hill giant
  3638 | D:5      | Noticed an ogre mage
  3638 | D:5      | Noticed a two-headed ogre
  3638 | D:5      | Noticed a two-headed ogre
  4230 | D:5      | Noticed a shadow demon
  4230 | D:5      | Noticed a shadow
  4230 | D:5      | Noticed a shadow demon
  4230 | D:5      | Noticed a shadow
  4236 | D:5      | Noticed a red devil
  4250 | D:5      | Noticed a brown ugly thing
  4538 | D:5      | Killed a shadow demon
  4540 | D:5      | Killed a shadow
  4602 | D:5      | Noticed a hellwing
  4603 | D:5      | Noticed a soul eater
  4603 | D:5      | Noticed a ynoxinul
  4707 | D:4      | Noticed a shadow demon
  4707 | D:4      | Noticed a shadow demon
  4707 | D:4      | Noticed a shadow
  4707 | D:4      | Noticed a shadow
  4712 | D:5      | Noticed a sixfirhy
  4712 | D:5      | Noticed a red devil
  4713 | D:5      | Killed a shadow
  4713 | D:5      | HP: 3/61 [sixfirhy[the darkness of Dithmenos] (9)]
  4715 | D:5      | Noticed a soul eater
  4720 | D:4      | Noticed a rust devil
  4722 | D:4      | Noticed an orange demon
  4728 | D:4      | Killed a shadow demon
  4732 | D:4      | Killed a shadow
  4752 | D:4      | Slain by a shadow demon

Action                   |  1- 3 |  4- 6 |  7- 9 || total
-------------------------+-------+-------+-------++-------
Melee: Long sword        |    77 |   205 |    83 ||   365
  Use: Scroll            |       |       |     5 ||     5
       Potion            |       |       |     3 ||     3
  Eat: Chunk             |       |     8 |     3 ||    11
